 Dungeon Crawl Stone Soup version 0.28.0-43-g3370ac3207 (webtiles) character file.

Game seed: 14520734594765597873

19 rlgrobin the Digger (level 2, -2/15 HPs)
             Began as a Gargoyle Earth Elementalist on Mar 3, 2022.
             Slain by an adder (3 damage)
             ... on level 2 of the Dungeon.
             The game lasted 00:01:22 (1674 turns).

rlgrobin the Digger (Gargoyle Earth Elementalist)   Turns: 1674, Time: 00:01:23

Health: -2/15      AC: 10    Str: 11    XL:     2   Next: 75%
Magic:  5/5        EV:  5    Int: 15    God:
Gold:   62         SH:  0    Dex: 10    Spells: 4/5 levels left

rFire   . . .      SeeInvis .   a - +0 dagger
rCold   . . .      Faith    .   (no shield)
rNeg    + . .      Spirit   .   e - +0 chain mail
rPois   ∞          Reflect  .   (no helmet)
rElec   +          Harm     .   (no cloak)
rCorr   .          Rampage  .   (no gloves)
Will    .....                   (no boots)
Stlth   ..........              (no amulet)
HPRegen 0.05/turn               (no ring)
MPRegen 0.09/turn               (no ring)

@: no status effects
A: sickness immunity, AC +2, negative energy resistance 1, electricity
resistance, torment resistance 1, petrification resistance
a: no special abilities


You were on level 2 of the Dungeon.
You visited 1 branch of the dungeon, and saw 2 of its levels.

You collected 62 gold pieces.

Inventory:

Hand Weapons
 a - a +0 dagger (weapon)
Missiles
 c - 29 stones
Armour
 e - a +0 chain mail (worn)
Scrolls
 d - a scroll of silence {unknown}
 f - a scroll of brand weapon {unknown}
 g - a scroll of identify {unknown}
Potions
 b - a potion of curing {unknown}
 h - a potion of degeneration {unknown}
 i - a potion of cancellation {unknown}


   Skills:
 + Level 0.3 Short Blades
 + Level 0.5 Armour
 - Level 1.5 Dodging
 - Level 2.1 Stealth
 + Level 2.4 Spellcasting
 - Level 0.7 Transmutations
 + Level 4.1 Earth Magic


You had 4 spell levels left.
You knew the following spells:

 Your Spells              Type           Power      Damage    Failure   Level
a - Sandblast             Erth           28%        2d8       93%         1

Your spell library contained the following spells:

 Spells                   Type           Power      Damage    Failure   Level
 Passwall                 Tmut/Erth      7%         N/A       100%        2
 Confusing Touch          Hex            1%         N/A       100%        3
 Conjure Flame            Conj/Fire      1%         6-21      100%        3
 Ignite Poison            Fire/Tmut/Pois 2%         N/A       100%        3
 Stone Arrow              Conj/Erth      16%        3d8       100%        3
 Petrify                  Tmut/Erth      9%         N/A       100%        4
 Sticky Flame             Conj/Fire      1%         2d3       100%        4
 Yara's Violent Unravell  Hex/Tmut       1%         3d3       100%        5
 Enfeeble                 Hex            0%         N/A       100%        7


Dungeon Overview and Level Annotations

Branches:
Dungeon (2/15)

Altars:


Innate Abilities, Weirdness & Mutations

You are immune to sickness and miasma.
Your stone body is resilient. (AC +2)
You are immune to poison.
You resist negative energy. (rN+)
You are resistant to electric shocks. (rElec)
You are resistant to unholy torment.
You are immune to petrification.


Message History

You are too injured to fight recklessly!
You are too injured to fight recklessly!
You are too injured to fight recklessly!
You are too injured to fight recklessly!
You are too injured to fight recklessly!
You hit the adder but do no damage.
The adder is heavily wounded.
The adder bites you but does no damage.
You closely miss the adder.
The adder is heavily wounded.
The adder bites you.
* * * LOW HITPOINT WARNING * * *
The adder bites you.
* * * LOW HITPOINT WARNING * * *
You take 5 damage, and have 5/15 hp.
You barely miss the adder.
The adder is heavily wounded.
The adder bites you but does no damage.
You hit the adder but do no damage.
The adder is heavily wounded.
The adder bites you but does no damage.
You closely miss the adder.
The adder is heavily wounded.
The adder bites you but does no damage. x2
You hit the adder but do no damage.
The adder is moderately wounded.
The adder barely misses you.
You hit the adder.
The adder is heavily wounded.
The adder bites you but does no damage.
You completely miss the adder.
The adder is heavily wounded.
The adder bites you.
* * * LOW HITPOINT WARNING * * *
The adder barely misses you.
You take 4 damage, and have 1/15 hp.
You hit the adder.
The adder is severely wounded.
The adder bites you.
You die...

#...##†...####### .
#...............+..
#.........#######
#.........###
#.........).#
#...........#
#...........#
[..#.#.......#####
......S@.....#
#.........####
#..#...$#.# .
#....#...
......#.###
.##...##.# # #...
..# ...# ###


You could see an adder.

Vanquished Creatures
  2 ball pythons
  A bat (D:2)
  3 endoplasms
  3 hobgoblins (D:1)
  A quokka (D:1)
  A frilled lizard (D:1)
  3 goblins
  2 kobolds (D:1)
16 creatures vanquished.

Notes
Turn   | Place    | Note
-------+----------+-------------------------------------------
     0 | D:1      | rlgrobin the Gargoyle Earth Elementalist began the quest
                  | for the Orb.
     0 | D:1      | Reached XP level 1. HP: 10/10 MP: 3/3
   602 | D:1      | Reached skill level 4 in Earth Magic
   602 | D:1      | Reached XP level 2. HP: 12/15 MP: 5/5
  1157 | D:1      | Found a faded altar of an unknown god.
  1673 | D:2      | HP: 1/15 [adder (4)]
  1674 | D:2      | Slain by an adder

Illustrated notes

Levels and vault maps discovered:
D:1:      lightli_arrival_boilingwater, layout_loops_corners,
          hellmonk_ecumenical_altar_leap_of_faith,
          chequers_serial_rivers_small_b, minmay_misc_feat_rows
D:2:      layout_basic

Skill      XL: |  1 |
---------------+----+-----
Earth Magic    | 4 |  4.1
Short Blades   | |  0.3
Armour         | |  0.5
Dodging        | |  1.5
Stealth        | |  2.1
Spellcasting   | |  2.4
Transmutations | |  0.7

Action                   || total
-------------------------++-------
Melee: Dagger            ||   106
       Unarmed           ||     6
       Punch             ||     1
 Cast: Sandblast         ||     1
Armor: Chain mail        ||    62
       Robe              ||     2
Dodge: Dodged            ||    31
